 Dungeon Crawl Stone Soup version 0.30-a0-222-ge547ba4400 (webtiles) character file.

Game seed: 8336001037390821205

105 Conn the Sneak (level 4, -14/27 HPs)
             Began as an Octopode Fire Elementalist on Oct 9, 2022.
             Demolished by a gnoll
             ... wielding a +0 flail of venom
              (15 damage)
             ... on level 3 of the Dungeon.
             The game lasted 00:04:06 (2221 turns).

Conn the Sneak (Octopode Fire Elementalist)         Turns: 2221, Time: 00:04:14

Health: -14/27     AC:  1    Str:  7    XL:     4   Next: 83%
Magic:  3/7        EV: 13    Int: 19    God:
Gold:   111        SH:  0    Dex: 12    Spells: 4/7 levels left

rFire   . . .      SeeInvis .    f - +0 short sword
rCold   . . .      Faith    .    (no shield)
rNeg    . . .      Spirit   .    (helmet restricted)
rPois   .          Reflect  .    (no amulet)
rElec   .          Harm     .    (no ring)
rCorr   .          Rampage  .    (no ring)
Will    .....                    (no ring)
Stlth   +++.......               (no ring)
HPRegen 0.24/turn                (no ring)
MPRegen 0.10/turn                (no ring)
                                 (no ring)
                                 (no ring)

@: no status effects
A: almost no armour, amphibious, 8 rings, camouflage 1, gelatinous body 1,
(nimble swimmer 1), tentacles
a: no special abilities


You were on level 3 of the Dungeon.
You visited 1 branch of the dungeon, and saw 3 of its levels.

You collected 111 gold pieces.

Inventory:

Hand Weapons
 f - a +0 short sword (weapon)
Wands
 m - a wand of charming (9)
Scrolls
 b - 2 scrolls of enchant armour {unknown}
 c - 2 scrolls of identify {unknown}
 e - a scroll of poison {unknown}
 h - a scroll of amnesia {unknown}
 i - 2 scrolls of summoning {unknown}
 l - a scroll of enchant weapon {unknown}
Potions
 a - a potion of magic
 d - a potion of curing {unknown}
 g - 2 potions of flight {unknown}
 j - 2 potions of invisibility {unknown}
 k - a potion of ambrosia {unknown}


   Skills:
 + Level 0.2 Short Blades
 + Level 2.7 Dodging
 + Level 3.9 Stealth
 + Level 2.4 Spellcasting
 + Level 2.1 Conjurations
 + Level 3.7 Fire Magic


You had 4 spell levels left.
You knew the following spells:

 Your Spells              Type           Power      Damage    Failure   Level
a - Foxfire               Conj/Fire      52%        2x1d6     4%          1
e - Scorch                Fire           32%        2d7       5%          2

Your spell library contained the following spells:

 Spells                   Type           Power      Damage    Failure   Level
 Magic Dart               Conj           40%        1d5       7%          1
 Slow                     Hex            8%         N/A       16%         1
 Inner Flame              Hex/Fire       9%         N/A       22%         3
 Call Imp                 Summ           2%         N/A       24%         2
 Kindle Blastsparks       Fire/Tloc/Air  14%        2d11      28%         3
 Dazzling Flash           Conj/Hex       12%        N/A       32%         3
 Mephitic Cloud           Conj/Pois/Air  4%         N/A       36%         3
 Confusing Touch          Hex            2%         N/A       43%         3
 Vampiric Draining        Necr           2%         2d6       43%         3
 Flame Wave               Conj/Fire      13%        2d6       43%         4
 Agony                    Necr           2%         N/A       99%         5
 Silence                  Hex/Air        1%         N/A       99%         5


Dungeon Overview and Level Annotations

Branches:
Dungeon (3/15)

Altars:
Okawaru
Xom


Innate Abilities, Weirdness & Mutations

You cannot wear most types of armour.
You are amphibious.
You can wear up to eight rings at the same time.
Your skin changes colour to match your surroundings (Stealth+).
Your rubbery body absorbs attacks. (AC +1, EV +1)
((You are camouflaged when in or above water. (Stealth+)))
You have tentacles for arms and can constrict up to eight enemies at once.


Message History

The foxfire hits the gnoll.
The gnoll is severely wounded.
Unknown command.
Casting: Foxfire (safe; 4% risk of failure)
Confirm with . or Enter, or press ? or * to list all spells.
You conjure some foxfire!
The foxfire hits the gnoll.
The gnoll is almost dead.
The foxfire hits the gnoll but does no damage.
The gnoll is almost dead.
The gnoll barely misses you. The gnoll misses you.
Casting: Foxfire (safe; 4% risk of failure)
Confirm with . or Enter, or press ? or * to list all spells.
You conjure some foxfire!
The foxfire hits the gnoll.
The gnoll is moderately wounded.
The foxfire hits the gnoll.
You kill the gnoll!
The gnoll hits you from afar with a +0 spear! x2
The foxfire hits the gnoll.
The gnoll is lightly wounded.
The foxfire hits the gnoll.
The gnoll is moderately wounded.
Unknown command.
The gnoll attacks as you move away!
The gnoll hits you with a +0 flail of venom.
* * * LOW HITPOINT WARNING * * *
The gnoll hits you from afar with a +0 spear!
* * * LOW HITPOINT WARNING * * *
Unknown command.
Okay, then.
Okay, then.
Unknown command.
Okay, then.
Okay, then.
Aiming: Charm
Press: ? - help, Shift-Dir - straight line, f - gnoll
Aim: a gnoll, wielding a +0 flail of venom (moderately wounded, chance to affect: 57%)
The gnoll resists with significant effort.
The gnoll hits you with a +0 flail of venom!
Ouch! That really hurt!
You die...

#######.####....†..
#.......# #..)....
##### #.#######
#....... ......
#.......# #.......
...... #######.#
######## ......####
##'####### .........#
#........#
.........####........#
###..)gg@...........#
#...g#####........#
#..... #........#
#.....# #....<...#
#.....# ##########
#....<# #....## #....#


You could see 3 gnolls.

Vanquished Creatures
  A hound (D:3)
  A gnoll (D:3)
  2 adders (D:2)
  2 dart slugs
  5 endoplasms
  4 goblins
  6 hobgoblins
  A quokka (D:1)
  8 ball pythons
  2 bats (D:1)
  A frilled lizard (D:2)
  6 kobolds
  7 rats
46 creatures vanquished.

Vanquished Creatures (others)
  109 foxfires
109 creatures vanquished.

Grand Total: 155 creatures vanquished

Notes
Turn   | Place    | Note
-------+----------+-------------------------------------------
     0 | D:1      | Conn the Octopode Fire Elementalist began the quest for the
                  | Orb.
     0 | D:1      | Reached XP level 1. HP: 11/11 MP: 3/3
   146 | D:1      | Reached XP level 2. HP: 17/17 MP: 0/5
   432 | D:1      | Reached XP level 3. HP: 10/21 MP: 0/6
   561 | D:1      | Learned a level 2 spell: Scorch
  1380 | D:2      | Found a faded altar of an unknown god.
  1468 | D:2      | Found a shimmering altar of Xom.
  1638 | D:2      | Reached XP level 4. HP: 23/27 MP: 7/7
  2007 | D:3      | Found an iron altar of Okawaru.
  2220 | D:3      | HP: 1/27 [gnoll/+0 spear (7)]
  2221 | D:3      | Demolished by a gnoll

Illustrated notes

Levels and vault maps discovered:
D:1:      lightli_molten_gateway, layout_basic
D:2:      layout_basic, basic_altar, shapermc_ecumenical_altar_acropolis
D:3:      layout_basic, okawaru_gym_becter, serial_shops, shop,
          minmay_box_of_dots, uniq_jessica

Skill      XL: |  1  2  3  4 |
---------------+-------------+-----
Stealth        | 3 |  3.9
Conjurations   | 2 |  2.1
Short Blades   | |  0.2
Dodging        | |  2.7
Spellcasting   | |  2.4
Fire Magic     | |  3.7

Action                   |  1- 3 |  4- 6 || total
-------------------------+-------+-------++-------
Melee: Unarmed           |     9 |       ||     9
       Constrict         |     5 |     2 ||     7
       Tentacles         |     6 |     5 ||    11
       Short sword       |    20 |    10 ||    30
 Cast: Foxfire           |    47 |    10 ||    57
Evoke: Wand              |       |     1 ||     1
 Stab: Sleeping          |     4 |     3 ||     7
Armor: Skin              |     3 |     1 ||     4
Dodge: Dodged            |    20 |     5 ||    25

Table legend: (Time is in decaauts)
 A = Elapsed time spent in this place.
 B = Non-inter-level travel time spent in this place.
 C = Inter-level travel time spent in this place.
 D = Time resting spent in this place.
 E = Time spent auto-exploring this place.
 F = Levels seen in this place.
 G = Mean time per level.
                   A        B        C        D        E       F      G
               +--------+--------+--------+--------+--------+-----+--------+
         Total |   2220 |   2152 |     68 |      0 |   1619 |   3 |  740.0 |
       Dungeon |   2220 |   2152 |     68 |      0 |   1619 |   3 |  740.0 |
               +--------+--------+--------+--------+--------+-----+--------+

Top non-repeatable levels by time:
     D:1: 1036 daAuts
     D:2: 876 daAuts
     D:3: 306 daAuts
